 Dungeon Crawl Stone Soup version 0.19.6-3-g7d5932f76a (webtiles) character file.

10 EnegeticOcto the Conjurer (level 2, 0/17 HPs)
             Began as a High Elf Conjurer on Feb 8, 2021.
             Slain by a leopard gecko (1 damage)
             ... on level 2 of the Dungeon.
             The game lasted 00:00:56 (84 turns).

EnegeticOcto the Conjurer (High Elf Conjurer)         Turns: 84, Time: 00:00:56

Health: 0/17       AC:  2    Str:  7    XL:     2   Next: 10%
Magic:  0/6        EV: 13    Int: 18    God:
Gold:   0          SH:  0    Dex: 15    Spells: 1 memorised, 4 levels left

rFire  . . .     SeeInvis .     f - +0 dagger (curse)
rCold  . . .     Gourm    .     a - +0 robe
rNeg   . . .     Faith    .     (no shield)
rPois  .         Spirit   .     (no helmet)
rElec  .         Reflect  .     (no cloak)
rCorr  .         Harm     .     (no gloves)
MR     .....                    (no boots)
Stlth  ++........               (no amulet)
                                (no ring)
                                (no ring)

@: no status effects
A: no striking features
a: no special abilities


You were on level 2 of the Dungeon.
You were not hungry.

You visited 1 branch of the dungeon, and saw 2 of its levels.

Inventory:

Hand Weapons
 d - a +0 whip
   (You found it on level 1 of the Dungeon)
 f - a cursed +0 dagger (weapon)
   (You found it on level 2 of the Dungeon)
Armour
 a - a +0 robe (worn)
Potions
 e - a potion of agility {unknown}
Books
 b - a book of Conjurations

   Spells                             Type                      Level
   a - Magic Dart                     Conjuration                  1
   b - Searing Ray                    Conjuration                  2
   c - Dazzling Spray                 Conjuration/Hexes            3
   d - Fulminant Prism                Conjuration/Hexes            4
   e - Iskenderun's Mystic Blast      Conjuration                  4
   f - Iskenderun's Battlesphere      Conjuration/Charms           5
Comestibles
 c - a bread ration


   Skills:
 - Level 2.1 Dodging
 - Level 2.1 Stealth
 - Level 2.4 Spellcasting
 + Level 5.0 Conjurations


You had 4 spell levels left.
You knew the following spells:

 Your Spells              Type           Power        Failure   Level  Hunger
a - Magic Dart            Conj           ###.         1%          1    #......


Dungeon Overview and Level Annotations

Branches:
Dungeon (2/15)

Altars:
Uskayaw


Message History

The dart slug is almost dead.
The dart slug barely misses you.
You hit the dart slug.
You kill the dart slug!
You see here a dart slug corpse.
Found a stone staircase leading down.
There is a stone staircase leading down here.
You climb downwards. 2 leopard geckos and a bat come into view.
The leopard gecko hisses angrily.
Found a scroll labeled PULUTS ZANIO.
There is a stone staircase leading up here.
Casting: Magic Dart
Confirm with . or Enter, or press ? or * to list all spells.
Aiming: Magic Dart
Press: ? - help, Shift-Dir - straight line, f - bat
Aim: a bat (resting)
The magic dart hits the bat.
You kill the bat!
Casting: Magic Dart
Confirm with . or Enter, or press ? or * to list all spells.
Aiming: Magic Dart
Press: ? - help, Shift-Dir - straight line, f - leopard gecko
Aim: a leopard gecko (clinging)
The magic dart hits the leopard gecko.
The leopard gecko is moderately wounded.
Found 9 gold pieces.
A dart slug comes into view.
Found a pink potion, a runed dagger and 2 fruits.
Found a hide-covered altar of Uskayaw.
Casting: Magic Dart
Confirm with . or Enter, or press ? or * to list all spells.
Aiming: Magic Dart
Press: ? - help, Shift-Dir - straight line, f/p - leopard gecko
Aim: a leopard gecko (moderately wounded, clinging)
The magic dart hits the leopard gecko.
You kill the leopard gecko!
The leopard gecko hisses angrily.
A goblin comes into view. It is wielding a club.
A quokka comes into view.
Found a stone staircase leading down.
A goblin comes into view. It is wielding a club.
Found a scroll labeled WYDGHE CATSIJA PIR.
The goblin shouts!
Found a robe.
You see here a pink potion.
e - a pink potion You see here a runed dagger.
f - a runed dagger Wield which item (- for none, * to show all)? (? for menu, Esc to quit)
It sticks to your hand!
f - a cursed +0 dagger (weapon)
The goblin shouts!
The quokka barely misses you. The goblin misses you.
The goblin hits you but does no damage. The quokka bites you.
Found a sedimented puce potion.
You hit the goblin.
The goblin is moderately wounded.
The goblin hits you with a club.
You hit the goblin.
The goblin is severely wounded.
The goblin misses you.
You hit the goblin.
You kill the goblin!
You have reached level 2!
The quokka bites you.
* * * LOW HITPOINT WARNING * * *
Casting: Magic Dart
Confirm with . or Enter, or press ? or * to list all spells.
Aiming: Magic Dart
Press: ? - help, Shift-Dir - straight line, f - quokka
Aim: a quokka The magic dart hits the quokka.
You kill the quokka!
Your Conjurations skill increases to level 5!
Casting: Magic Dart
Confirm with . or Enter, or press ? or * to list all spells.
Aiming: Magic Dart
Press: ? - help, Shift-Dir - straight line, f - leopard gecko
Aim: a leopard gecko (clinging)
The magic dart hits the leopard gecko.
The leopard gecko is severely wounded.
The leopard gecko bites you but does no damage.
The leopard gecko barely misses you. The goblin hits you with a club.
* * * LOW HITPOINT WARNING * * *
Found a leather armour.
You miss the leopard gecko.
The leopard gecko is severely wounded.
The leopard gecko misses you. The leopard gecko closely misses you.
You hit the leopard gecko but do no damage.
The leopard gecko is severely wounded.
The leopard gecko bites you but does no damage.
You hit the leopard gecko.
The leopard gecko is almost dead.
The leopard gecko hisses menacingly.
The leopard gecko bites you.
You die...

#.# #.# #.# ##### #.# #.
....# .... #!# #.#.....
#.. #.#######......#
.####..##.##.........l##
.......@lg##.......#....
.####..###w.............
..... #.#..#..#.#....
....[.# #w#.......<†...
###### #.#.....#.#....
###.......#.#...?
#....###....#....
##.8..._...8.#.###
#.....%..........


You could see a dart slug, a leopard gecko and a goblin.

Vanquished Creatures
  A dart slug (D:1)
  A leopard gecko (D:2)
  2 bats
  A goblin (D:2)
  A quokka (D:2)
  A rat (D:1)
7 creatures vanquished.

Notes
Turn   | Place    | Note
-------+----------+-------------------------------------------
     0 | D:1      | EnegeticOcto the High Elf Conjurer began the quest for the Orb.
     0 | D:1      | Reached XP level 1. HP: 11/11 MP: 4/4
    54 | D:2      | Found a hide-covered altar of Uskayaw.
    75 | D:2      | Reached XP level 2. HP: 8/17 MP: 1/6
    76 | D:2      | Reached skill level 5 in Conjurations
    84 | D:2      | Slain by a leopard gecko

Skill      XL: |  1  2 |
---------------+-------+-----
Conjurations   | 5 |  5.0
Dodging        | |  2.1
Stealth        | |  2.1
Spellcasting   | |  2.4

Action                   || total
-------------------------++-------
Melee: Whip              ||     5
       Dagger            ||     6
 Cast: Magic Dart        ||    10
Armor: Robe              ||     3
Dodge: Dodged            ||     9
